TOP OF THE 1ST |
West Palm Reds batting - Pitching for Memphis Blues : LHP Octávio Pérez
|
Pitching: LHP Octávio Pérez
|
|
Batting: LHB Jeff Doss
|
0-0: Ball 1-0: Called Strike 1-1: Ball 2-1: Fly out, F7 (Flyball, 7M)
|
Batting: LHB Bill Smith
|
0-0: Fly out, F7 (Flyball, 78M)
|
Batting: SHB Todd Smith
|
0-0: DOUBLE (Line Drive, 5)
|
Batting: RHB Lorenzo Guzmán
|
0-0: SINGLE (Line Drive, 89M) Todd Smith to third Runner from 3rd tries for Home, SAFE, no throw or cutoff
|
Batting: RHB Jack Ray
|
0-0: Ball 1-0: Ball Lorenzo Guzmán steals 2nd base 2-0: Ball 3-0: Base on Balls
|
Batting: LHB Ezechiele Bruno
|
0-0: Ground out U3 (Groundball, 3)
|
Top of the 1st over - 1 run(s), 2 hit(s), 0 error(s), 2 left on base; West Palm 1 - Memphis 0 |
BOTTOM OF THE 1ST |
Memphis Blues batting - Pitching for West Palm Reds : RHP Andy Hickey
|
Pitching: RHP Andy Hickey
|
|
Batting: RHB Jorge Fuentes
|
0-0: Ball 1-0: Called Strike 1-1: Foul Ball, location: 2F 1-2: Foul Ball, location: 2F 1-2: Foul Ball, location: 2F 1-2: Ball 2-2: Strikes out swinging
|
Batting: RHB Dave Wookey
|
0-0: DOUBLE (Line Drive, 7LS)
|
Batting: RHB Michael Elliott
|
0-0: Ball Balk! Dave Wookey to third 1-0: Foul Ball, location: 2F 1-1: Ground out 5-3 (Groundball, 5L)
|
Batting: RHB Bob Orr
|
0-0: Ball 1-0: Ball 2-0: Ball 3-0: Fly out, F8 (Flyball, 78XD)
|
Bottom of the 1st over - 0 run(s), 1 hit(s), 0 error(s), 1 left on base; West Palm 1 - Memphis 0 |
TOP OF THE 2ND |
West Palm Reds batting - Pitching for Memphis Blues : LHP Octávio Pérez
|
Batting: RHB José Tamayo
|
0-0: Called Strike 0-1: Ground out 5-3 (Groundball, 56)
|
Batting: LHB Bob Martin
|
0-0: Called Strike 0-1: Ball 1-1: Ball 2-1: Foul Ball, location: 2F 2-2: Strikes out swinging
|
Batting: RHB Alejandro Martínez
|
0-0: Ball 1-0: Ground out 1-3 (Groundball, 15)
|
Top of the 2nd over - 0 run(s), 0 hit(s), 0 error(s), 0 left on base; West Palm 1 - Memphis 0 |
BOTTOM OF THE 2ND |
Memphis Blues batting - Pitching for West Palm Reds : RHP Andy Hickey
|
Batting: RHB Dave O'Neill
|
0-0: Ball 1-0: Called Strike 1-1: Ball 2-1: Swinging Strike 2-2: Ground out 1-3 (Groundball, 23)
|
Batting: RHB John Phillips
|
0-0: Fly out, F4 (Popup, 4MD)
|
Batting: RHB Sadao Kato
|
0-0: Ball 1-0: Ball 2-0: Called Strike 2-1: Called Strike 2-2: Foul Ball, location: 2F 2-2: DOUBLE (Flyball, 78XD)
|
Batting: RHB Glenn Johnson
|
0-0: Fly out, F8 (Flyball, 8RD)
|
Bottom of the 2nd over - 0 run(s), 1 hit(s), 0 error(s), 1 left on base; West Palm 1 - Memphis 0 |
TOP OF THE 3RD |
West Palm Reds batting - Pitching for Memphis Blues : LHP Octávio Pérez
|
Batting: LHB Jeff Doss
|
0-0: Ball 1-0: SINGLE (Line Drive, 9LS)
|
Batting: LHB Bill Smith
|
0-0: Called Strike 0-1: Foul Ball, location: 2F 0-2: Fielders Choice at 2nd, 1-6 (Groundball, 25)
|
Batting: SHB Todd Smith
|
0-0: Ball 1-0: Foul Ball, location: 2F 1-1: Ball 2-1: Ball Bill Smith steals 2nd base 3-1: Ground out 1-3 (Groundball, 2R) Bill Smith to third
|
Batting: RHB Lorenzo Guzmán
|
0-0: Foul Ball, location: 2F 0-1: Swinging Strike 0-2: Fly out, F4 (Popup, 3D)
|
Top of the 3rd over - 0 run(s), 1 hit(s), 0 error(s), 1 left on base; West Palm 1 - Memphis 0 |
BOTTOM OF THE 3RD |
Memphis Blues batting - Pitching for West Palm Reds : RHP Andy Hickey
|
Batting: RHB Dale O'Feennaghty
|
0-0: Foul Ball, location: 2F 0-1: Foul Ball, location: 2F 0-2: Ball 1-2: Foul Ball, location: 2F 1-2: Ball 2-2: Fly out, F7 (Flyball, 7M)
|
Batting: RHB Jorge Fuentes
|
0-0: Ball 1-0: Ball 2-0: Called Strike 2-1: Foul Ball, location: 2F 2-2: Ground out 2-3 (Groundball, 2R)
|
Batting: RHB Dave Wookey
|
0-0: Swinging Strike 0-1: SINGLE (Groundball, 56D) (infield hit)
|
Batting: RHB Michael Elliott
|
0-0: Ball 1-0: Ball 2-0: Ground out U3 (Groundball, 3S)
|
Bottom of the 3rd over - 0 run(s), 1 hit(s), 0 error(s), 1 left on base; West Palm 1 - Memphis 0 |
TOP OF THE 4TH |
West Palm Reds batting - Pitching for Memphis Blues : LHP Octávio Pérez
|
Batting: RHB Jack Ray
|
0-0: Ball 1-0: Ball 2-0: Ground out 1-3 (Groundball, 13S)
|
Batting: LHB Ezechiele Bruno
|
0-0: Ball 1-0: Ball 2-0: Swinging Strike 2-1: Foul Ball, location: 2F 2-2: Strikes out looking
|
Batting: RHB José Tamayo
|
0-0: Called Strike 0-1: Ball 1-1: Fly out, F6 (Line Drive, 6)
|
Top of the 4th over - 0 run(s), 0 hit(s), 0 error(s), 0 left on base; West Palm 1 - Memphis 0 |
BOTTOM OF THE 4TH |
Memphis Blues batting - Pitching for West Palm Reds : RHP Andy Hickey
|
Batting: RHB Bob Orr
|
0-0: Ball 1-0: Called Strike 1-1: Ground out 6-3 (Groundball, 6)
|
Batting: RHB Dave O'Neill
|
0-0: Called Strike 0-1: Foul Ball, location: 2F 0-2: Ball 1-2: Ball 2-2: Ground out 6-3 (Groundball, 6)
|
Batting: RHB John Phillips
|
0-0: Called Strike 0-1: Ground out 6-3 (Groundball, 6)
|
Bottom of the 4th over - 0 run(s), 0 hit(s), 0 error(s), 0 left on base; West Palm 1 - Memphis 0 |
TOP OF THE 5TH |
West Palm Reds batting - Pitching for Memphis Blues : LHP Octávio Pérez
|
Batting: LHB Bob Martin
|
0-0: Called Strike 0-1: Ball 1-1: DOUBLE (Line Drive, 3L)
|
Batting: RHB Alejandro Martínez
|
0-0: Ball 1-0: SINGLE (Line Drive, 89S) Bob Martin to third
|
Batting: LHB Jeff Doss
|
0-0: Fly out, F4 (Line Drive, 4)
|
Batting: LHB Bill Smith
|
0-0: Called Strike 0-1: Fielders Choice at 2nd, U4 (Groundball, 4M) Bob Martin scores
|
Batting: SHB Todd Smith
|
0-0: Called Strike 0-1: Called Strike 0-2: Foul Ball, location: 2F 0-2: Strikes out swinging
|
Top of the 5th over - 1 run(s), 2 hit(s), 0 error(s), 1 left on base; West Palm 2 - Memphis 0 |
BOTTOM OF THE 5TH |
Memphis Blues batting - Pitching for West Palm Reds : RHP Andy Hickey
|
Batting: RHB Sadao Kato
|
0-0: Called Strike 0-1: Foul Ball, location: 2F 0-2: Ball 1-2: Ball 2-2: Ball 3-2: SINGLE (Flyball, 89S)
|
Batting: RHB Glenn Johnson
|
0-0: SINGLE (Line Drive, 56D) Sadao Kato to second
|
Batting: RHB Dale O'Feennaghty
|
0-0: Called Strike 0-1: Ball 1-1: Swinging Strike 1-2: Strikes out looking
|
Batting: RHB Jorge Fuentes
|
0-0: Ball 1-0: Ball 2-0: Ball 3-0: Base on Balls Sadao Kato to third Glenn Johnson to second
|
Batting: RHB Dave Wookey
|
0-0: Swinging Strike 0-1: Ball 1-1: Ball 2-1: Foul Ball, location: 2F 2-2: Strikes out looking
|
Batting: RHB Michael Elliott
|
0-0: DOUBLE (Flyball, 8RXD) Sadao Kato scores Glenn Johnson scores Jorge Fuentes to third Runner from 3rd tries for Home, SAFE, no throw or cutoff
|
Batting: RHB Bob Orr
|
0-0: Called Strike 0-1: Ball 1-1: Swinging Strike 1-2: Foul Ball, location: 2F 1-2: Foul Ball, location: 2F 1-2: Ground out 5-3 (Groundball, 5S)
|
Bottom of the 5th over - 3 run(s), 3 hit(s), 0 error(s), 1 left on base; West Palm 2 - Memphis 3 |
TOP OF THE 6TH |
West Palm Reds batting - Pitching for Memphis Blues : LHP Octávio Pérez
|
Batting: RHB Lorenzo Guzmán
|
0-0: Ball 1-0: Foul Ball, location: 2F 1-1: Ball 2-1: Foul Ball, location: 2F 2-2: Ball 3-2: Ground out 4-3 (Groundball, 13)
|
Batting: RHB Jack Ray
|
0-0: Ball 1-0: Ball 2-0: Ball 3-0: Foul Ball, location: 2F 3-1: Called Strike 3-2: Foul Ball, location: 2F 3-2: Strikes out swinging
|
Batting: LHB Ezechiele Bruno
|
0-0: Ball 1-0: Called Strike 1-1: Foul Ball, location: 2F 1-2: Strikes out swinging
|
Top of the 6th over - 0 run(s), 0 hit(s), 0 error(s), 0 left on base; West Palm 2 - Memphis 3 |
BOTTOM OF THE 6TH |
Memphis Blues batting - Pitching for West Palm Reds : RHP Andy Hickey
|
Pitching: LHP Francisco Nieto
|
|
Batting: RHB Dave O'Neill
|
0-0: Ball 1-0: Ball 2-0: Called Strike 2-1: Foul Ball, location: 2F 2-2: Strikes out looking
|
Batting: RHB John Phillips
|
0-0: Ball 1-0: Ball 2-0: Called Strike 2-1: Foul Ball, location: 2F 2-2: Ball 3-2: Ground out 6-3 (Groundball, 6)
|
Batting: RHB Sadao Kato
|
0-0: Ball 1-0: Ball 2-0: Called Strike 2-1: Swinging Strike 2-2: Foul Ball, location: 2F 2-2: Ball 3-2: SINGLE (Groundball, 6MD)
|
Batting: RHB Glenn Johnson
|
0-0: Called Strike 0-1: SINGLE (Flyball, 8LS) Sadao Kato to second Runner from 2nd tries for 3rd, SAFE, no throw or cutoff
|
Batting: RHB Dale O'Feennaghty
|
0-0: Called Strike 0-1: Called Strike 0-2: Ball 1-2: Strikes out looking
|
Bottom of the 6th over - 0 run(s), 2 hit(s), 0 error(s), 2 left on base; West Palm 2 - Memphis 3 |
TOP OF THE 7TH |
West Palm Reds batting - Pitching for Memphis Blues : LHP Octávio Pérez
|
Batting: RHB José Tamayo
|
0-0: Ground out 1-3 (Groundball, 13S)
|
Batting: LHB Bob Martin
|
0-0: Ball 1-0: Ball 2-0: Ball 3-0: Swinging Strike 3-1: Base on Balls
|
Batting: RHB Alejandro Martínez
|
0-0: Called Strike 0-1: Called Strike 0-2: Ball 1-2: Ground out 5-3 (Groundball, 56) Bob Martin to second
|
Batting: LHB Jeff Doss
|
0-0: Ball 1-0: TRIPLE (Flyball, 8LXD) Bob Martin scores
|
Batting: LHB Bill Smith
|
0-0: Ball 1-0: Fly out, F8 (Flyball, 89D)
|
Top of the 7th over - 1 run(s), 1 hit(s), 0 error(s), 1 left on base; West Palm 3 - Memphis 3 |
BOTTOM OF THE 7TH |
Memphis Blues batting - Pitching for West Palm Reds : LHP Francisco Nieto
|
Batting: RHB Jorge Fuentes
|
0-0: Called Strike 0-1: Called Strike 0-2: Strikes out looking
|
Batting: RHB Dave Wookey
|
0-0: Ball 1-0: SINGLE (Line Drive, 9LS)
|
Batting: RHB Michael Elliott
|
0-0: Ball 1-0: Ball 2-0: Called Strike 2-1: Ball 3-1: Foul Ball, location: 2F 3-2: Base on Balls Dave Wookey to second
|
Pitching: RHP Butch Ramey
|
|
Batting: RHB Bob Orr
|
0-0: Ball 1-0: Ball 2-0: Ball 3-0: Called Strike 3-1: Swinging Strike 3-2: Base on Balls Dave Wookey to third Michael Elliott to second
|
Pinch Hitting: LHB Arturo Rivera
|
0-0: Foul Ball, location: 2F 0-1: Foul Ball, location: 2F 0-2: Strikes out swinging
|
Pinch Hitting: RHB Dale Taylor
|
0-0: Ball 1-0: Fly out, F3 (Popup, 34S)
|
Bottom of the 7th over - 0 run(s), 1 hit(s), 0 error(s), 3 left on base; West Palm 3 - Memphis 3 |
TOP OF THE 8TH |
West Palm Reds batting - Pitching for Memphis Blues : LHP Octávio Pérez
|
Now at SS: Brent Crawford
|
|
Now in CF: Arturo Rivera
|
|
Batting: SHB Todd Smith
|
0-0: Called Strike 0-1: Ball 1-1: DOUBLE (Line Drive, 78S)
|
Batting: RHB Lorenzo Guzmán
|
0-0: Ball 1-0: Ball Wild Pitch! Todd Smith to third 2-0: Ball 3-0: Called Strike 3-1: Swinging Strike 3-2: Foul Ball, location: 2F 3-2: Base on Balls
|
Pitching: LHP Robert Flannery
|
|
Batting: RHB Jack Ray
|
0-0: Called Strike 0-1: Ball 1-1: Ball 2-1: Foul Ball, location: 2F 2-2: Ball 3-2: 3-RUN HOME RUN (Flyball, 7D), Distance : 405 ft
|
Batting: LHB Ezechiele Bruno
|
0-0: Called Strike 0-1: Ball 1-1: Ball 2-1: Ball 3-1: Foul Ball, location: 2F 3-2: Base on Balls
|
Batting: RHB José Tamayo
|
0-0: Ball 1-0: SINGLE (Flyball, 8LS) Ezechiele Bruno to second
|
Batting: LHB Bob Martin
|
0-0: Foul Ball, location: 2F 0-1: Sac Bunt - play at first, batter OUT! 5-3 Ezechiele Bruno to third José Tamayo to second
|
Batting: RHB Alejandro Martínez
|
0-0: Foul Ball, location: 2F 0-1: Ball 1-1: Fly out, F9 (Flyball, 89M) Runner from 3rd tags up, SCORES, no throw
|
Batting: LHB Jeff Doss
|
0-0: Called Strike 0-1: Fly out, F9 (Line Drive, 9D)
|
Top of the 8th over - 4 run(s), 3 hit(s), 0 error(s), 1 left on base; West Palm 7 - Memphis 3 |
BOTTOM OF THE 8TH |
Memphis Blues batting - Pitching for West Palm Reds : RHP Butch Ramey
|
Batting: RHB Sadao Kato
|
0-0: Ball 1-0: Ball 2-0: Ball 3-0: Base on Balls
|
Batting: RHB Glenn Johnson
|
0-0: Ball 1-0: Called Strike 1-1: Called Strike 1-2: Strikes out looking
|
Batting: RHB Dale O'Feennaghty
|
0-0: Called Strike 0-1: Swinging Strike 0-2: Strikes out swinging
|
Batting: RHB Jorge Fuentes
|
0-0: SINGLE (Line Drive, 4MD) Sadao Kato to second
|
Batting: RHB Dave Wookey
|
0-0: Ball 1-0: Foul Ball, location: 2F 1-1: Ground out 6-3 (Groundball, 6)
|
Bottom of the 8th over - 0 run(s), 1 hit(s), 0 error(s), 2 left on base; West Palm 7 - Memphis 3 |
TOP OF THE 9TH |
West Palm Reds batting - Pitching for Memphis Blues : LHP Robert Flannery
|
Batting: LHB Bill Smith
|
0-0: Ball 1-0: Called Strike 1-1: Foul Ball, location: 2F 1-2: Foul Ball, location: 2F 1-2: Ball 2-2: Strikes out swinging
|
Batting: SHB Todd Smith
|
0-0: Ball 1-0: Called Strike 1-1: Fly out, F4 (Popup, 4)
|
Pitching: RHP Jack Taylor
|
|
Batting: RHB Lorenzo Guzmán
|
0-0: Ball 1-0: Ball 2-0: Ball 3-0: Called Strike 3-1: Ground out 6-3 (Groundball, 6)
|
Top of the 9th over - 0 run(s), 0 hit(s), 0 error(s), 0 left on base; West Palm 7 - Memphis 3 |
BOTTOM OF THE 9TH |
Memphis Blues batting - Pitching for West Palm Reds : RHP Butch Ramey
|
Batting: RHB Michael Elliott
|
0-0: Ball 1-0: Ball 2-0: Ball 3-0: Called Strike 3-1: Foul Ball, location: 2F 3-2: Base on Balls
|
Batting: RHB Bob Orr
|
0-0: Ball 1-0: Ball 2-0: Ball 3-0: Base on Balls Michael Elliott to second
|
Pitching: LHP Juan Ortíz
|
|
Batting: LHB Arturo Rivera
|
0-0: Grounds into double play, 4-6-3 (Groundball, 4) Michael Elliott to third
|
Batting: RHB Brent Crawford
|
0-0: Ball 1-0: Fly out, F8 (Line Drive, 8RM)
|
Bottom of the 9th over - 0 run(s), 0 hit(s), 0 error(s), 1 left on base; West Palm 7 - Memphis 3 |
|